 BcadrenCrawl: Boulder Brew version 0.05.31-5-gc155987 (webtiles) character file.

Game seed: 3987061533301119398, levelgen mode: deterministic

9809 Illumine the Grappler (level 11, -1/109 HPs) Troll Monk. Began on Sept 21, 2021. Was a Priest of Cheibriados. Slain by a yak (14 damage) ... on level 5 of the Dungeon. The game lasted 00:12:42 (3443 turns).

Illumine the Grappler (Troll Monk)                  Turns: 3443, Time: 00:12:43

Health: -1/109     AC:  9    Str: 30    XL:     11 ^: 7834
Magic:  4/13       EV: 15    Int: 19    God:    Cheibriados [3* [99]]
Gold:   183        SH:  0    Dex: 20    Spells: 11/11 levels left

rFire    + . .     Vision   .     - Unarmed
rCold    + . .     Gourm    +     - Unarmed
rNeg     . . .     Faith    .   a - +0 robe
rCorr    + + .     Spirit   .   (helmet restricted)
rPois    .         Reflect  .   f - +2 cloak
rElec    .         Harm     .   (gloves unavailable)
MR       .....                  (boots unavailable)
Stlth    ++........             c - amulet of chaos
HPRegen  0.86/turn              r - ring of Pouxol {rF+ rCorr Int+3}
MPRegen  0.23/turn              p - ring of wizardry

@: very slow
A: large, unfitting armour, claws 2, fast metabolism 2, gourmand, regeneration
1, AC +4
a: Bend Time, Temporal Distortion, Renounce Religion


You were on level 5 of the Dungeon.
You worshipped Cheibriados.
Cheibriados was most pleased with you.
You were very full.

You visited 2 branches of the dungeon, and saw 6 of its levels.

You collected 183 gold pieces.

Inventory:

Armour
 a - a +0 robe (worn)
 f - a +2 cloak (worn)
Jewellery
 c - an amulet of chaos (around neck)
 i - an uncursed amulet of magic regeneration
 p - a ring of wizardry (right claw)
 r - the ring of Pouxol (left claw) {rF+ rCorr Int+3}
   (You acquired it on level 4 of the Dungeon)

   [ring of resist corrosion]

   It affects your intelligence (+3).
   It protects you from fire.
   It provides partial protection from all sources of acid and corrosion.
 s - an uncursed ring of magical power
 t - an uncursed ring of magical power
Scrolls
 g - a scroll of magic mapping
 h - a scroll of blinking
 j - 2 scrolls of teleportation
 k - 2 scrolls of fog
 m - a scroll of fear
 q - a scroll of summoning
Potions
 d - 2 potions of magic
 e - a potion of ambrosia
 l - a potion of cancellation
 n - 2 potions of haste
 o - a potion of cure mutation
Comestibles
 b - 16 rations


   Skills:
 + Level 7.4 Fighting
 + Level 7.1 Dodging
 - Level 1.0 Stealth
 * Level 12.7 Unarmed Combat
 + Level 0.9 Spellcasting
 + Level 4.1 Invocations


You had 11 spell levels left.
You didn't know any spells.
Your spell library contained the following spells:

 Spells                   Type           Power        Failure   Level  Hunger
 Confusing Touch Hex 0 (50) 8% 1 22-42 Lick Fire 0 (30) 8% 1 22-42 Magic Candle Hex/Fire 0 (90) 8% 1 22-42 Summon Small Mammal Summ           0 (25)       8%          1    22-42


Dungeon Overview and Level Annotations

Branches:
Dungeon (5/8)              Temple (1/1) D:4            Lair (0/6) D:5

Altars:
Cheibriados
Dithmenos
Elyvilon
Makhleb
Okawaru
Qazlal
Ru
Sif Muna
Vehumet

Shops:
D:3 %   D:5 =


Innate Abilities, Weirdness & Mutations

Your tough skin and shaggy fur is resilient. (AC +4)
You are too large for most types of armour.
You have claws for hands. (+6 Unarmed)
You have a very fast metabolism.
You like to eat raw meat.
You heal very quickly.


Message History

You can no longer inflict damage on those overly hasty.
Cheibriados lowers the support of your attributes as your movement quickens.
Okay, then.
Okay, then.
You aren't carrying any items that you can evoke.
Okay, then.
You scratch the yak (6). You scratch the yak (3).
The yak is severely wounded. (9/36) HP The yak closely misses you (0).
The bullfrog zombie barely misses you (0).
You scratch the bullfrog zombie (6).
You destroy the bullfrog zombie!
Cheibriados thoroughly appreciates the change of pace.
You scratch the yak (4). You claw the yak (12)!
You kill the yak!
Cheibriados thoroughly appreciates the change of pace.
You barely miss the yak. You claw the yak (8)!
The yak is moderately wounded. (31/39) HP The yak gores you (14)!
You die...

#...)... ..........#
#.......
##...#.....###.......
'.........+.......>#
###.........####.#####
#...........# #.##... #
#...........# #.##...
..#...........# #.##...
.Y.# #@......# #.##...
..... #Y†.....# #∩##...
Z.....#††).#######.##...
......††...........##...
>..Y...............#####
..........)........#
......#.###).#####.#
.....##...)#.#####.#
...## #.##.#..<....#


You could see a yak.

Vanquished Creatures
  An unseen horror (D:5)
  A two-headed ogre (D:5)
  An elephant (D:5)
  A queen bee (D:4)
  A hornet (D:5)
  2 basilisks (D:5)
  A wyvern (D:5)
  16 yaks (D:5)
  3 phantoms
  An orc warrior (D:4)
  3 porcupines
  A scorpion (D:3)
  A black bear (D:5)
  A sky beast (D:4)
  3 ice beasts
  5 ogres
  4 big kobolds
  10 bullfrogs
  A centaur (D:5)
  A howler monkey (D:3)
  15 killer bees (D:4)
  7 wights (D:5)
  4 hounds
  3 jellies
  4 orc priests
  6 orc wizards
  6 worker ants
  4 iguanas
  11 giant cockroaches
  An iron imp (D:4)
  2 bullfrog zombies
  A shadow imp (D:4)
  11 adders
  4 gnolls (D:3)
  55 sewer rats (D:2)
  2 white imps
  4 oozes
  8 cinder newts
  4 worms
  A dart slug (D:1)
  4 leopard geckos
  24 orcs
  An adder skeleton (D:5)
  3 ball pythons (D:2)
  6 bats
  7 goblins (D:1)
  3 hobgoblins (D:1)
  2 jackals (D:3)
  27 kobolds
  3 quokkas (D:4)
  A quokka skeleton (D:3)
  5 rats (D:1)
  A withered plant (D:2)
298 creatures vanquished.

Vanquished Creatures (others)
  A jelly (D:2)
  2 giant cockroaches (D:2)
  4 sewer rats (D:2)
  A ball python (D:2)
  A rat skeleton (D:2)
  A bush (D:1)
  4 plants (D:5)
  13 toadstools (D:2)
  67 withered plants (D:2)
94 creatures vanquished.

Grand Total: 392 creatures vanquished

Notes
Turn   | Place    | Note
-------+----------+-------------------------------------------
     0 | D:1      | Illumine the Troll Monk began the quest for the Orb.
     0 | D:1      | Reached XP level 1. HP: 22/22 MP: 0/0
    52 | D:1      | Reached XP level 2. HP: 29/29 MP: 1/1
    69 | D:1      | Reached skill level 4 in Unarmed Combat
   140 | D:1      | Reached XP level 3. HP: 36/36 MP: 2/2
   321 | D:1      | Found a stormy altar of Qazlal.
   450 | D:2      | Noticed a big kobold
   450 | D:2      | Noticed a big kobold
   461 | D:2      | Killed a big kobold
   461 | D:2      | Reached skill level 5 in Unarmed Combat
   461 | D:2      | Reached XP level 4. HP: 42/44 MP: 3/3
   465 | D:2      | Noticed a big kobold
   472 | D:1      | Killed a big kobold
   472 | D:1      | Reached skill level 6 in Unarmed Combat
   472 | D:1      | Reached XP level 5. HP: 45/50 MP: 4/4
   491 | D:2      | Reached XP level 6. HP: 61/61 MP: 5/5
   648 | D:2      | Reached skill level 7 in Unarmed Combat
   711 | D:2      | Reached XP level 7. HP: 67/67 MP: 6/6
   956 | D:2      | Reached skill level 8 in Unarmed Combat
  1005 | D:2      | Reached XP level 8. HP: 78/78 MP: 7/7
  1206 | D:3      | Reached skill level 9 in Unarmed Combat
  1378 | D:3      | Found a burning altar of Makhleb.
  1384 | D:3      | Reached skill level 5 in Fighting
  1510 | D:4      | Noticed a queen bee
  1551 | D:3      | Found Damedd's Food Emporium.
  1557 | D:3      | Reached XP level 9. HP: 88/88 MP: 8/8
  1991 | D:4      | Reached skill level 10 in Unarmed Combat
  2003 | D:4      | Reached skill level 5 in Dodging
  2285 | D:4      | Found a radiant altar of Vehumet.
  2293 | D:4      | Identified a scroll of acquirement
  2303 | D:4      | Reached skill level 11 in Unarmed Combat
  2307 | D:4      | Identified the Almanac of Mutagenic Talismans (You acquired
                  | it on level 4 of the Dungeon)
  2307 | D:4      | Identified the ring of Pouxol {rF+ rCorr Int+3} (You
                  | acquired it on level 4 of the Dungeon)
  2411 | D:4      | Found a staircase to the Ecumenical Temple.
  2419 | Temple   | Entered the Ecumenical Temple
  2495 | Temple   | Became a worshipper of Cheibriados the Contemplative
  2495 | Temple   | Reached * piety under Cheibriados
  2495 | Temple   | Reached ** piety under Cheibriados
  2589 | D:4      | Reached XP level 10. HP: 93/98 MP: 9/9
  2716 | D:5      | Entered Level 5 of the Dungeon
  2729 | D:5      | Noticed a two-headed ogre
  2733 | D:5      | Reached skill level 1 in Invocations
  2737 | D:5      | Killed a two-headed ogre
  2912 | D:5      | Reached *** piety under Cheibriados
  2949 | D:5      | Killed an unseen horror
  3036 | D:5      | Reached skill level 12 in Unarmed Combat
  3168 | D:5      | Reached **** piety under Cheibriados
  3172 | D:5      | Reached XP level 11. HP: 101/109 MP: 12/12
  3394 | D:5      | Found Pocleo's Jewellery Shoppe.
  3415 | D:5      | Found a staircase to the Lair.
  3443 | D:5      | Slain by a yak

Levels and vault maps discovered:
D:1:      nicolae_arrival_memento_mori, layout_cave_pools, serial_park,
          serial_park_tiny_1, serial_park_square2, serial_park_tiny_2
D:2:      layout_sewer, tgw_fedhas, kennysheep_mini_moat, sewer_minmay_ubend,
          first_ration, serial_shops, nicolae_shop_stone
D:3:      layout_basic, basic_altar, serial_shops, shop
D:4:      layout_irregular_city, lemuel_doored_altar,
          minmay_temple_entry_junction, david_nohive_1
D:5:      layout_basic, david_lair_generic, special_room [special_room_orc],
          serial_shops, shop
Temple:   nicolae_temple_figure_zero

Skill      XL: |  1  2  3  4  5  6  7  8  9 10 11 |
---------------+----------------------------------+-----
Unarmed Combat | 4 5 6 7 8 9 11 12 | 12.7
Fighting       | 3 4 5 6 7 |  7.4
Dodging        | 3 4 5 6 7 |  7.1
Invocations    | 3 4 |  4.1
Stealth        | |  1.0
Spellcasting   | |  0.9

Action                   |  1- 3 |  4- 6 |  7- 9 | 10-12 || total
-------------------------+-------+-------+-------+-------++-------
Melee: Unarmed           |    75 |   173 |   576 |   241 ||  1065
Invok: Slouch            |       |       |       |     2 ||     2
  Use: Scroll            |       |       |     1 |     1 ||     2
 Stab: Sleeping          |       |       |     2 |     2 ||     4
  Eat: Chunk             |     7 |       |    13 |    13 ||    33
Armor: Robe              |     8 |    24 |    74 |    43 ||   149
Dodge: Dodged            |    16 |    45 |   130 |    43 ||   234
